AoeStats
← Nitro Nick

Arena

508692000Analyzed
3v3 RM · 10d ago on Sep 23, 2026· 51m 46s· 6 players
Game mode
Random Map
Map size
Normal (6 player)
Population
200
Speed
Normal
Resources
Standard
Victory
Conquest
Starting age
Dark Age
Ending age
Imperial Age
RankedLock teamsTeams togetherTeam positionsShared explorationLock speedFull tech treeHidden civsTurbo modeCheats
Victory
Defeat
🇨🇱 Cumans · Chile
1105
+14
🇨🇱 Turks · Chile
1057
+16
🇨🇱 Franks · Chile
995
+20
🇧🇪 Mongols · Belgium
1063
-16
🇳🇴 Jurchens · Norway
1063
-17
🇩🇪 Romans · Germany
1063
-17
veranodel92
9:02 Feudal Age
9:42 Double-Bit Axe
10:04 Horse Collar
19:10 Castle Age
17:48 Wheelbarrow
18:13 Gold Mining
18:43 Forging
18:38 Scale Barding Armor
20:22 Bloodlines
20:49 Iron Casting
20:43 Bow Saw
23:07 Chain Barding Armor
31:13 Hand Cart
33:32 Imperial Age
36:17 Conscription
38:11 Blast Furnace
37:47 Plate Barding Armor
36:47 Cavalier
38:12 Masonry
39:24 Padded Archer Armor
39:15 Fletching
40:28 Chemistry
39:49 Cuman Mercenaries
40:05 Steppe Husbandry
40:31 Ballistics
40:03 Heavy Cavalry Archer
41:09 Parthian Tactics
40:50 Thumb Ring
41:48 Leather Archer Armor
41:29 Bodkin Arrow
44:24 Ring Archer Armor
Meowl
9:32 Feudal Age
10:58 Double-Bit Axe
11:51 Gold Mining
20:55 Castle Age
20:44 Stone Mining
22:15 Husbandry
23:22 Gold Shaft Mining
23:48 Bow Saw
24:50 Scale Barding Armor
26:22 Forging
29:46 Wheelbarrow
28:57 Town Watch
30:23 Iron Casting
30:48 Hand Cart
31:28 Town Patrol
33:18 Chain Barding Armor
37:11 Imperial Age
38:31 Chivalry
38:51 Cavalier
41:37 Murder Holes
42:03 Ballistics
41:24 Treadmill Crane
42:07 Paladin
46:46 Capped Ram
49:48 Plate Barding Armor
50:14 Blast Furnace
Sebanstein
10:14 Feudal Age
14:28 Castle Age
18:02 Loom
18:32 Fletching
28:32 Town Watch
32:45 Double-Bit Axe
34:16 Horse Collar
38:35 Wheelbarrow
Lobii
8:17 Loom
11:53 Feudal Age
12:38 Double-Bit Axe
12:39 Horse Collar
15:22 Wheelbarrow
18:19 Gold Mining
20:54 Castle Age
23:32 Bow Saw
24:11 Stone Mining
24:24 Heavy Plow
26:36 Forging
27:40 Hand Cart
28:59 Squires
29:38 Iron Casting
29:04 Scale Mail Armor
33:59 Imperial Age
33:37 Chain Mail Armor
33:27 Fortified Bastions
34:08 Elite Fire Lancer
35:51 Blast Furnace
37:31 Masonry
37:55 Ballistics
38:36 Chemistry
37:49 Fortified Wall
38:11 Conscription
38:29 Hoardings
41:14 Siege Engineers
41:49 Scale Barding Armor
43:37 Chain Barding Armor
45:40 Town Watch
46:27 Architecture
46:03 Arson
46:09 Gambesons
48:17 Plate Barding Armor
50:49 Pikeman
Nitro Nick
9:27 Feudal Age
8:01 Loom
13:08 Castle Age
12:32 Double-Bit Axe
12:51 Gold Mining
20:02 Ballistics
24:39 Wheelbarrow
26:08 Gold Shaft Mining
26:25 Stone Mining
26:24 Horse Collar
28:45 Bow Saw
40:43 Heavy Plow
42:24 Squires
42:50 Pikeman
48:31 Imperial Age
46:52 Hand Cart
47:30 Scale Mail Armor
47:40 Forging
48:37 Chain Mail Armor
48:38 Halberdier
50:47 Iron Casting
51:41 Conscription
52:29 Blast Furnace
occido
11:16 Feudal Age
12:28 Double-Bit Axe
15:07 Castle Age
13:15 Horse Collar
14:19 Loom
18:21 Fletching
18:50 Padded Archer Armor
19:46 Bodkin Arrow
20:37 Bow Saw
21:33 Leather Archer Armor
23:11 Ballistics
24:50 Gold Mining
26:46 Wheelbarrow
26:57 Gold Shaft Mining
30:49 Imperial Age
29:09 Bloodlines
29:02 Husbandry
31:10 Hand Cart
33:46 Bracer
34:11 Conscription
36:53 Stone Mining
37:22 Elite Mangudai
40:27 Thumb Ring
40:49 Parthian Tactics
47:55 Chemistry
47:01 Siege Engineers
49:02 Hoardings
49:55 Elite Skirmisher
Connection lost

Rejoining the realm…

Still unreachable

The connection could not be restored.

Session expired

The server has moved on; the page needs a fresh start.